 Dungeon Crawl Stone Soup version 0.22-a0-351-g29664b4 (webtiles) character file.

24 khargal the Grasshopper (level 3, -1/32 HPs)
             Began as a Naga Warper on Apr 13, 2018.
             Slain by a goblin
             ... wielding a +1 dagger of electrocution
              (2 damage)
             ... on level 1 of the Dungeon.
             The game lasted 00:05:37 (859 turns).

khargal the Grasshopper (Naga Warper)                Turns: 859, Time: 00:05:38

Health: -1/32      AC:  3    Str: 13    XL:     3   Next: 2%
Magic:  6/6        EV:  9    Int: 13    God:
Gold:   22         SH:  0    Dex: 11    Spells: 2/6 levels left

rFire    . . .     SeeInvis +   a - +0 short sword
rCold    . . .     Gourm    .   (no shield)
rNeg     . . .     Faith    .   b - +0 leather armour
rPois    +         Spirit   .   (no helmet)
rElec    .         Reflect  .   c - +0 cloak
rCorr    .         Harm     .   (no gloves)
MR       .....                  (no barding)
Stlth    +.........             (no amulet)
HPRegen  0.10/turn              (no ring)
MPRegen  0.10/turn              (no ring)

@: very slow
A: large, see invisible, deformed body, poison resistance, slowness 2, slow
metabolism 1, spit poison 1, AC +1
a: Spit Poison


You were on level 1 of the Dungeon.
You were not hungry.

You visited 1 branch of the dungeon, and saw 2 of its levels.

You collected 22 gold pieces.

Inventory:

Hand Weapons
 a - a +0 short sword (weapon)
Missiles
 e - 5 tomahawks of dispersal (quivered)
 k - 8 tomahawks
Armour
 b - a +0 leather armour (worn)
 c - a +0 cloak (worn)
Scrolls
 d - 2 scrolls of blinking
 g - 3 scrolls of identify {unknown}
 j - a scroll of teleportation {unknown}
Potions
 i - a potion of haste {unknown}
Comestibles
 f - a ration


   Skills:
 + Level 2.1 Fighting
 + Level 2.9 Short Blades
 + Level 0.8 Throwing
 + Level 0.8 Armour
 + Level 1.5 Dodging
 + Level 2.4 Spellcasting
 + Level 3.0 Translocations


You had 2 spell levels left.
You knew the following spells:

 Your Spells              Type           Power        Failure   Level  Hunger
a - Blink                 Tloc           N/A          14%         2    ###....
b - Shroud of Golubria    Chrm/Tloc      #.........   26%         2    ###....


Dungeon Overview and Level Annotations

Branches:
Dungeon (2/15)

Altars:


Innate Abilities, Weirdness & Mutations

You cannot wear boots.
Your serpentine skin is tough. (AC +1)
You have supernaturally acute eyesight. (SInv)
Armour fits poorly on your strangely shaped body.
Your system is resistant to poisons. (rPois)
You cover ground very slowly.
You have a slow metabolism.
You can spit poison.


Message History

You see here a stone.
The kobold barely misses you. The goblin closely misses you.
You climb upwards.
There is a stone staircase leading down here.
You hit the kobold but do no damage. The kobold hits you.
The goblin closely misses you.
You hit the kobold.
The kobold is severely wounded.
The kobold barely misses you.
The goblin hits you with a dagger of electrocution.
You are electrocuted!
Ouch! That really hurt!
* * * LOW HITPOINT WARNING * * *
You hit the goblin but do no damage. The kobold hits you.
* * * LOW HITPOINT WARNING * * *
The goblin hits you with a dagger of electrocution.
* * * LOW HITPOINT WARNING * * *
You hit the goblin but do no damage. The kobold barely misses you.
The goblin hits you with a dagger of electrocution.
You die...

#######.### #...# #^# #...... #.#
##.## ##.### #.##... #.# #.#
#....####.##... #.# #.#
#.............. #.# #.#
#.##.####.####. #.# #.# #.##.#
#.###.. #######.# ##.## #.##.#
#...... ........# ##...###.##.#
####... ..####### #...K@#...#.###
##.#. ...# #...g......#..####....
#..#########.....#...#.#.........
...........##...###.##.######...#
.....#####.###### #.##.# ##.##
.#...# #(# #.##.# #.# #....# #.#
######.##.# #.# ....## #.#
#......##.# #.# ....# #.#
#.#######)# #.#


You could see a goblin and a kobold.

Vanquished Creatures
  A gnoll (D:1)
  2 bats (D:1)
  2 goblins (D:1)
  3 hobgoblins (D:1)
  2 frilled lizards (D:1)
  4 kobolds (D:1)
  A rat (D:1)
15 creatures vanquished.

Notes
Turn   | Place    | Note
-------+----------+-------------------------------------------
     0 | D:1      | khargal the Naga Warper began the quest for the Orb.
     0 | D:1      | Reached XP level 1. HP: 19/19 MP: 3/3
    71 | D:1      | Reached XP level 2. HP: 23/26 MP: 5/5
   406 | D:1      | Reached XP level 3. HP: 5/32 MP: 6/6
   844 | D:1      | Learned a level 2 spell: Blink
   847 | D:1      | Learned a level 2 spell: Shroud of Golubria
   858 | D:1      | HP: 1/32 [goblin/dagger of electrocution (1)]
   859 | D:1      | Slain by a goblin

Vault maps used:
D:1:      minmay_arrival_radiant_lines
D:2:      nicolae_gozag_zags_fifth_avenue

Action                   || total
-------------------------++-------
Melee: Short sword       ||    30
 Abil: Spit Poison       ||    13
Armor: Leather armour    ||    15
Dodge: Dodged            ||    27

Table legend:
 A = Spawn XP
 B = Non-spawn XP
 C = Spawn XP percentage of total XP
 D = Spawn monster count
 E = Non-spawn monster count
 F = Spawn count percentage of total count
 G = Total turns spent on level
                    A         B        C        D         E        F      G
               +---------+---------+-------+---------+---------+-------+---------
         Total |       0 |      35 |   0.0 |       0 |      15 |   0.0 |   859
               +---------+---------+-------+---------+---------+-------+---------
           D:1 |       0 |      35 |   0.0 |       0 |      15 |   0.0 |   852
               +---------+---------+-------+---------+---------+-------+---------
